 Dungeon Crawl Stone Soup version 0.29-a0-409-gd843f3a48c (webtiles) character file.

Game seed: 17133767437878809005

131 trckry the Caller (level 5, -4/24 HPs)
             Began as a Vine Stalker Summoner on May 13, 2022.
             Was an Initiate of Ashenzari.
             Slain by an orc
             ... wielding a +0 short sword
              (5 damage)
             ... on level 4 of the Dungeon.
             The game lasted 00:11:26 (3155 turns).

trckry the Caller (Vine Stalker Summoner)           Turns: 3155, Time: 00:11:27

Health: -4/24      AC:  2    Str: 10    XL:     5   Next: 14%
Magic:  0/11       EV: 12    Int: 17    God:    Ashenzari [......]
Gold:   160        SH:  0    Dex: 15    Spells: 4/10 levels left

rFire   . . .      SeeInvis .   (no weapon)
rCold   . . .      Faith    .   (no shield)
rNeg    . . .      Spirit   +   a - +0 robe
rPois   +          Reflect  .   (no helmet)
rElec   .          Harm     .   (no cloak)
rCorr   .          Rampage  .   (no gloves)
Will    .....                   (no boots)
Stlth   ++........              (no amulet)
HPRegen 0.88/turn               o - ring "Ruined With Me" {rPois, Bglg, Melee} (curse)
MPRegen 0.12/turn               (no ring)

@: flying
A: fangs 2, regeneration 1, magic shield, antimagic bite, no potion heal 2
a: Renounce Religion, Shatter the Chains


You were on level 4 of the Dungeon.
You worshipped Ashenzari.
Ashenzari was noncommittal.
You visited 1 branch of the dungeon, and saw 4 of its levels.

You collected 160 gold pieces.

Inventory:

Missiles
 c - 2 atropa-tipped darts (quivered)
 i - 3 silver boomerangs
Armour
 a - a +0 robe (worn)
Jewellery
 o - the cursed ring "Ruined With Me" (left hand) {rPois, Bglg, Melee}
   (You found it on level 2 of the Dungeon)

   [ring of poison resistance]

   rPois:     It protects you from poison.
   It has a curse which improves the following skills: Beguiling: Conjurations,
   Hexes and Translocations.
   Melee Combat: Short Blades, Long Blades, Axes, Maces & Flails, Polearms,
   Staves and Unarmed Combat.
Scrolls
 d - 4 scrolls of identify {unknown}
 e - 3 scrolls of magic mapping {unknown}
 g - 2 scrolls of teleportation {unknown}
 h - a scroll of enchant armour {unknown}
 k - a scroll of acquirement {unknown}
 m - 2 scrolls of blinking {unknown}
Potions
 b - a potion of magic
 f - a potion of berserk rage {unknown}
 j - a potion of mutation {unknown}
 l - a potion of ambrosia {unknown}
 n - a potion of brilliance {unknown}
 p - a potion of flight


   Skills:
 - Level 1.5 Dodging
 - Level 2.4 Stealth
 + Level 3.4 Spellcasting
 * Level 5.6 Summonings


You had 4 spell levels left.
You knew the following spells:

 Your Spells              Type           Power      Damage    Failure   Level
a - Summon Small Mammal   Summ           88%        N/A       1%          1
b - Call Imp              Summ           22%        N/A       2%          2
c - Call Canine Familiar  Summ           22%        N/A       4%          3

Your spell library contained the following spells:

 Spells                   Type           Power      Damage    Failure   Level
 Summon Guardian Golem    Hex/Summ       12%        N/A       16%         3
 Beastly Appendage        Tmut           4%         N/A       17%         1
 Wereblood                Tmut           2%         N/A       26%         2
 Spider Form              Tmut/Pois      2%         N/A       45%         3
 Summon Lightning Spire   Summ/Air       12%        N/A       45%         4
 Olgreb's Toxic Radiance  Pois           2%         N/A       86%         4
 Ozocubu's Refrigeration  Ice            1%         4d5       100%        7
 Ignition                 Fire           1%         3d3       100%        8


Dungeon Overview and Level Annotations

Branches:
Dungeon (4/15)
 Temple: D:4-7

Altars:
Ashenzari

Shops:
D:2 (

Annotations:
D:3 3 runed translucent doors, turdburglar's ghost, amateur OgGl


Innate Abilities, Weirdness & Mutations

You have extremely sharp teeth.
Your natural rate of healing is unusually fast.
When hurt, damage is shared between your health and your magic reserves.
Your bite disrupts and absorbs the magic of your enemies.
Potions cannot restore your health.


Message History

Your crimson imp blinks!
The adder seems less confused.
Your hound misses the howler monkey. The howler monkey hits your hound.
The adder misses you. The orc wizard casts a spell at you.
The puff of flame hits you!
* * * LOW HITPOINT WARNING * * *
Your hound barely misses the howler monkey.
You take 7 damage, and have 7/24 hp.
MASSIVE DAMAGE!!
The goblin attacks as you move away! The goblin hits you with a +0 club.
* * * LOW HITPOINT WARNING * * *
The howler monkey hits your hound.
Your hound closely misses the howler monkey.
The ball python closely misses your hound. x2
You take 1 damage, and have 6/24 hp.
You now have 1/11 mp.
The howler monkey completely misses your hound.
The orc wizard barely misses you. The orc barely misses you.
Your crimson imp blinks!
The orc attacks as you move away! The orc hits you with a +0 short sword.
* * * LOW HITPOINT WARNING * * *
The adder is no longer blind.
The howler monkey hits your hound.
Your hound dies!
Your hound's corpse disappears in a puff of smoke!
Your crimson imp misses the goblin.
The adder bites you.
* * * LOW HITPOINT WARNING * * *
You take 2 damage, and have 5/24 hp.
You now have 0/11 mp.
It was a potion of flight.
You feel very buoyant.
You fly up into the air.
The ball python misses your crimson imp.
The ball python grabs your crimson imp.
The ball python constricts your crimson imp.
The adder bites you.
* * * LOW HITPOINT WARNING * * *
The howler monkey barely misses your crimson imp.
The orc wizard hits you with a +0 dagger.
* * * LOW HITPOINT WARNING * * *
The orc barely misses you.
Your crimson imp struggles to escape constriction.
The orc hits you with a +0 short sword.
You die...

#...
#............
#... >[......
#... ....... #...
#....#
#...###ยง...#
#....o.....+
#...@og....# .
#..SSoo.5<.# ...
#.......hS[#.....
#...##..(.......#
#### ############


You could see a howler monkey (distracted), an orc priest, an orc wizard, 2
adders, 2 orcs, a goblin, a ball python and a friendly crimson imp (summoned).

Vanquished Creatures (collateral kills)
  Jessica (D:2)
  5 adders
  2 worms (D:3)
  A dart slug (D:2)
  An orc (D:3)
  4 endoplasms
  A giant cockroach (D:3)
  2 goblins
  5 hobgoblins
  3 jackals (D:1)
  3 quokkas
  6 ball pythons
  4 bats
  7 frilled lizards
  5 kobolds
  4 rats (D:1)
54 creatures vanquished.

Notes
Turn   | Place    | Note
-------+----------+-------------------------------------------
     0 | D:1      | trckry the Vine Stalker Summoner began the quest for the
                  | Orb.
     0 | D:1      | Reached XP level 1. HP: 9/9 MP: 4/4
   279 | D:1      | Reached XP level 2. HP: 13/13 MP: 6/6
  1207 | D:1      | Reached XP level 3. HP: 13/16 MP: 4/7
  1210 | D:1      | Learned a level 2 spell: Call Imp
  1571 | D:1      | Learned a level 3 spell: Call Canine Familiar
  1839 | D:2      | Noticed Jessica
  1850 | D:2      | Killed Jessica
  1851 | D:2      | Reached skill level 5 in Summonings
  1851 | D:2      | Gained mutation: Your natural rate of healing is unusually
                  | fast. [Vine Stalker growth]
  1851 | D:2      | Reached XP level 4. HP: 21/21 MP: 5/9
  2089 | D:2      | Found Juqos's Weapon Emporium.
  2388 | D:3      | Found a runed translucent gate.
  2388 | D:3      | Found a runed translucent gate.
  2406 | D:3      | Found a runed translucent gate.
  2407 | D:3      | Noticed turdburglar's ghost (amateur OgGl)
  2408 | D:3      | Noticed a kobold brigand
  2566 | D:3      | Found a faded altar of an unknown god.
  2599 | D:3      | Prayed at the altar of an unknown god.
  2599 | D:3      | Became a worshipper of Ashenzari the Shackled
  2650 | D:3      | Reached XP level 5. HP: 24/24 MP: 7/11
  3155 | D:4      | HP: 2/24 [adder (4)]
  3155 | D:4      | Slain by an orc

Illustrated notes

Levels and vault maps discovered:
D:1:      lemuel_arrival_behind_the_door_large, layout_loops_ring,
          serial_co_window_serial, co_window_paths_a,
          co_window_of_opportunity_a, co_window_cross_1, co_window_paths_a,
          co_window_corner_a, co_window_corner_ca, co_window_corner_cb,
          co_window_2corner, co_window_cross_4, co_window_paths_d,
          minmay_pentomino_u2
D:2:      layout_loops_ring, serial_shops, shop, minmay_tripent, uniq_jessica
D:3:      layout_basic, gammafunk_ghost_nasty_kobolds, basic_ecumenical_altar
D:4:      layout_gridville, nzn_wu_jian_contemplation,
          mainiacjoe_overflow_alcove_2, grunt_gozag_statues,
          mainiacjoe_overflow_small_starburst, serial_shops,
          nicolae_diamond_shop, enter_ossuary_5, ebering_ghost_sewer_f,
          uniq_eustachio

Skill      XL: |  1  2  3 |
---------------+----------+-----
Spellcasting   | 3 |  3.4
Summonings     | 5 |  5.6
Dodging        | |  1.5
Stealth        | |  2.4

Action                   |  1- 3 |  4- 6 || total
-------------------------+-------+-------++-------
Throw: Dart              |       |     1 ||     1
 Cast: Summon Small Mamm |    54 |     2 ||    56
       Call Imp          |     2 |     3 ||     5
       Call Canine Famil |     1 |     9 ||    10
Invok: Curse Item        |       |     1 ||     1
  Use: Potion            |       |     1 ||     1
Armor: Robe              |    10 |     6 ||    16
Dodge: Dodged            |    25 |    17 ||    42

Table legend: (Time is in decaauts)
 A = Elapsed time spent in this place.
 B = Non-inter-level travel time spent in this place.
 C = Inter-level travel time spent in this place.
 D = Time resting spent in this place.
 E = Time spent auto-exploring this place.
 F = Levels seen in this place.
 G = Mean time per level.
                   A        B        C        D        E       F      G
               +--------+--------+--------+--------+--------+-----+--------+
         Total |   3153 |   3051 |    102 |      0 |   2257 |   4 |  788.2 |
       Dungeon |   3153 |   3051 |    102 |      0 |   2257 |   4 |  788.2 |
               +--------+--------+--------+--------+--------+-----+--------+

Top non-repeatable levels by time:
     D:1: 1613 daAuts
     D:3: 793 daAuts
     D:2: 726 daAuts
     D:4: 20 daAuts
